 Dungeon Crawl Stone Soup version 0.27-a0-1591-gc56fcc985a (webtiles) character file.

Game seed: 2054587312651886778

31274 lunkers the Thaumaturge (level 13, -17/111 HPs)
             Began as a Djinni Earth Elementalist on July 19, 2021.
             Was a High Priest of Ashenzari.
             Demolished by a torpor snail (22 damage)
             ... on level 4 of the Lair of Beasts.
             The game lasted 00:32:31 (14350 turns).

lunkers the Thaumaturge (DjEE)                     Turns: 14350, Time: 00:32:32

Health: -17/111    AC:  5    Str:  7    XL:     13   Next: 95%
Gold:   1027       EV: 14    Int: 21    God:    Ashenzari [*****.] SH: 10 Dex: 15

rFire    + + +     SeeInvis +   n - +2 short sword "Distant Gloom" {venom, Melee, Self} (curse)
rCold    x . .     Faith    .   C - +0 buckler of the Wild Blue Yonder {Cun, Range} (curse)
rNeg     . . .     Spirit   .   x - +0 troll leather armour of Ashenzari's Heresy {Regen+, Melee, Cun} (curse)
rPois    ∞         Reflect  +   (no helmet)
rElec    .         Harm     .   z - +0 cloak "Restrained With Me" {Range, Melee} (curse)
rCorr    .         Rampage  .   (no gloves)
Will     +....     Clarity  +   (boots unavailable)
Stlth    +++.......             J - amulet "Share My Incredulity" {Reflect SH+5, Fort, Cun} (curse)
HPRegen  1.28/turn              j - ring of Supernal Wisdom {SInv, Fort, Self} (curse)
MPRegen  0.00/turn              r - ring of Toth-Mos's Legacy {rF+, Evo, Self} (curse)

@: flying, slowed, very slow
A: sickness immunity, fire resistance 2, cold vulnerability 1, float, innate
caster, hp casting, extra vitality 1
a: Renounce Religion, Curse Item, Shatter the Chains


You were on level 4 of the Lair of Beasts.
You worshipped Ashenzari.
Ashenzari was extremely pleased with you.
You visited 3 branches of the dungeon, and saw 16 of its levels.
You also visited: Ice Cave.

You collected 1027 gold pieces.

Inventory:

Hand Weapons
 n - the cursed +2 short sword "Distant Gloom" (weapon) {venom, Melee, Self}
   (You took it off a kobold on level 3 of the Dungeon)

   It poisons the flesh of those it strikes.
   It has a curse which improves the following skills: Melee Combat: Short
   Blades, Long Blades, Axes, Maces & Flails, Polearms, Staves and Unarmed
   Combat.
   Introspection: Fighting and Spellcasting.
 G - a +1 morningstar of pain
Missiles
 c - 649 stones
 g - a curare-tipped dart
 B - 2 throwing nets
Armour
 x - the cursed +0 troll leather armour of Ashenzari's Heresy (worn) {Regen+, Melee, Cun}
   (You found it on level 7 of the Dungeon)

   Regen:     It increases your rate of health regeneration.
   It has a curse which improves the following skills: Melee Combat: Short
   Blades, Long Blades, Axes, Maces & Flails, Polearms, Staves and Unarmed
   Combat.
   Cunning:   Dodging and Stealth.
 z - the cursed +0 cloak "Restrained With Me" (worn) {Range, Melee}
   (You found it on level 9 of the Dungeon)

   It has a curse which improves the following skills: Ranged Combat: Slings,
   Bows, Crossbows and Throwing.
   Melee Combat: Short Blades, Long Blades, Axes, Maces & Flails, Polearms,
   Staves and Unarmed Combat.
 C - the cursed +0 buckler of the Wild Blue Yonder (worn) {Cun, Range}
   (You took it off a gnoll sergeant on level 9 of the Dungeon)

   It has a curse which improves the following skills: Cunning: Dodging and
   Stealth.
   Ranged Combat: Slings, Bows, Crossbows and Throwing.
 H - +0 steam dragon scales
 K - a +0 troll leather armour
Jewellery
 f - an amulet of the acrobat
 j - the cursed ring of Supernal Wisdom (left hand) {SInv, Fort, Self}
   (You found it on level 3 of the Dungeon)

   [ring of see invisible]

   SInv:      It lets you see invisible.
   It has a curse which improves the following skills: Fortitude: Armour and
   Shields.
   Introspection: Fighting and Spellcasting.
 r - the cursed ring of Toth-Mos's Legacy (right hand) {rF+, Evo, Self}
   (You found it on level 4 of the Dungeon)

   [ring of protection from fire]

   rF:        It protects you from fire.
   It has a curse which improves the following skills: Evocations: Evocations.
   Introspection: Fighting and Spellcasting.
 E - a ring of fire
 J - the cursed amulet "Share My Incredulity" (around neck) {Reflect SH+5, Fort, Cun}
   (You found it on level 10 of the Dungeon)

   [amulet of reflection]

   It reflects blocked missile attacks.
   SH:        It affects your SH (+5).
   It has a curse which improves the following skills: Fortitude: Armour and
   Shields.
   Cunning:   Dodging and Stealth.
 M - an amulet of regeneration
Wands
 q - a wand of flame (55)
 v - a wand of acid (12)
 w - a wand of polymorph (8)
 N - a wand of paralysis (15)
 O - a wand of charming (7)
 P - a wand of iceblast (13)
Scrolls
 a - 5 scrolls of teleportation
 d - 16 scrolls of identify
 e - 2 scrolls of brand weapon
 k - 4 scrolls of amnesia
 p - a scroll of enchant armour
 t - 2 scrolls of enchant weapon
 u - 6 scrolls of magic mapping
 y - a scroll of summoning
 F - 3 scrolls of fog
 Q - a scroll of fear
Potions
 b - a potion of haste
 h - 2 potions of magic
 i - a potion of lignification
 l - 5 potions of might
 m - 2 potions of attraction
 o - 3 potions of mutation
 s - a potion of resistance
 A - 5 potions of heal wounds
 D - 5 potions of curing
 L - a potion of invisibility
Miscellaneous
 I - a phial of floods


   Skills:
 + Level 11.8(16.6) Fighting
 - Level 2.1(6.0) Dodging
 - Level 1.5(4.9) Stealth
 - Level 1.4(4.0) Shields
 * Level 14.6(19.2) Spellcasting


You had 21 spell levels left.
You knew the following spells:

 Your Spells              Type           Power      Damage    Failure   Level
a - Stone Arrow           Conj/Erth      100%       3d13      0%          3
b - Passwall              Tmut/Erth      65%        N/A       0%          2
c - Sandblast             Erth           100%       2d20      0%          1
d - Petrify               Tmut/Erth      79%        N/A       0%          4
e - Corona                Hex            87%        N/A       0%          1
f - Corpse Rot            Necr/Air       N/A        N/A       0%          2
g - Conjure Flame         Conj/Fire      79%        6-21      0%          3
h - Dazzling Flash        Conj/Hex       100%       N/A       0%          3
i - Silence               Hex/Air        39%        N/A       1%          5
j - Blade Hands           Tmut           39%        N/A       1%          5
Your spell library was empty.

Dungeon Overview and Level Annotations

Branches:
Dungeon (11/15)            Temple (1/1) D:4            Lair (4/6) D:11
 Shoals (0/4) Lair:4       Spider (0/4) Lair:4        IceCv (visited)
    Orc: D:9-12

Altars:
Ashenzari
Cheibriados
Dithmenos
Elyvilon
Fedhas
Gozag
Hepliaklqana
Kikubaaqudgha
Makhleb
Nemelex Xobeh
Okawaru
Qazlal
Ru
Sif Muna
Trog
Uskayaw
Vehumet
Wu Jian
Xom
Yredelemnul
Zin
The Shining One

Portals:
Trove: D:11 (give +7 demon whip)

Annotations:
D:4 3 runed translucent doors, LadonLegend's ghost, amateur DjFE
D:6 2 runed translucent doors, DocClef's ghost, weakling GnDe
Lair:2 exclusion: 4 oklob plants
Lair:4 1 transporter, quinnr's ghost, journeyman TeAE


Innate Abilities, Weirdness & Mutations

You are immune to sickness and miasma.
You are immune to poison.
Your flesh is very heat resistant. (rF++)
You are vulnerable to cold. (rC-)
You float through the air rather than walking.
You learn spells naturally, not from books.
Your magical power is your life essence.
You have superior vitality. (+4 HP)


Message History

Confirm with . or Enter, or press ? or * to list all spells.
Aiming: Stone Arrow (safe; 0% risk of failure)
Press: ? - help, Shift-Dir - straight line, f/p - komodo dragon
Aim: a komodo dragon (severely wounded, 84% to hit)
The stone arrow hits the komodo dragon!!
You kill the komodo dragon!
* * * LOW HITPOINT WARNING * * *
The torpor snail barely misses you.
Casting: Stone Arrow (safe; 0% risk of failure)
Confirm with . or Enter, or press ? or * to list all spells.
Aiming: Stone Arrow (safe; 0% risk of failure)
Press: ? - help, Shift-Dir - straight line, f - torpor snail
Aim: a torpor snail (100% to hit)
The stone arrow hits the torpor snail!!
The torpor snail is moderately wounded.
* * * LOW HITPOINT WARNING * * *
You block the torpor snail's attack.
Unknown command.
Casting: Stone Arrow (safe; 0% risk of failure)
Confirm with . or Enter, or press ? or * to list all spells.
Aiming: Stone Arrow (safe; 0% risk of failure)
Press: ? - help, Shift-Dir - straight line, f/p - torpor snail
Aim: a torpor snail (moderately wounded, 100% to hit)
The stone arrow hits the torpor snail!
The torpor snail is heavily wounded.
* * * LOW HITPOINT WARNING * * *
The torpor snail closely misses you.
Unknown command.
Casting: Stone Arrow (safe; 0% risk of failure)
Confirm with . or Enter, or press ? or * to list all spells.
Aiming: Stone Arrow (safe; 0% risk of failure)
Press: ? - help, Shift-Dir - straight line, f/p - torpor snail
Aim: a torpor snail (heavily wounded, 100% to hit)
The stone arrow hits the torpor snail!!
The torpor snail is almost dead.
* * * LOW HITPOINT WARNING * * *
The torpor snail bites you!!
* * * LOW HITPOINT WARNING * * *
The torpor snail bites you!!
You die...

*
........#..........#.......
*
.......###.................
, #....###..................
* * #......................©
*
*{*#....................###
** ,,
#..................###ii *
>, #...$.............###Wy{
,,{*##................#####{
^^, * ##....@.........## ≈#.
, #.....w......... .. *, ,,
,**#............... ,,,._ ,
** ...............,, ,, ,. ,
*, l..............., ,* # ,
* ................ ,,*, **.
,,,................ ,***,,.
,,, ..............., ,*** ©
, , , ,,, , ,, , , , ,,,**#


You could see a torpor snail.

Vanquished Creatures
  Harold (Lair:1)
  Erolcha (D:11)
  A boulder beetle (D:11)
  Erica (D:11)
  A hydra (Lair:4)
  A two-headed ogre (D:10)
  A death yak (Lair:4)
  2 centaur zombies (D:10)
  A gargoyle (D:10)
  16 elephants
  8 cane toads
  6 komodo dragons
  Maggie (D:9)
  2 rime drakes
  4 trolls
  A polar bear (Lair:3)
  2 hornets
  5 wyverns
  2 vampires
  30 yaks
  A wraith (D:9)
  7 basilisks
  3 steam dragons
  An acid dragon (D:10)
  16 water moccasins
  A sky beast (D:7)
  3 ice beasts
  5 orc warriors
  7 black bears
  A hornet zombie (D:8)
  A necrophage (D:6)
  3 ogres
  8 wolves
  5 centaurs
  3 kobold brigands
  10 bullfrogs
  A scorpion (D:4)
  3 gnoll sergeants
  A water moccasin skeleton (D:5)
  A wyvern skeleton (D:7)
  A howler monkey (D:6)
  5 wights (D:9)
  2 electric eels
  4 hounds
  2 jellies (D:5)
  4 centaur skeletons
  7 orc priests
  A gnoll shaman (D:8)
  2 bullfrog skeletons
  5 iguanas
  Natasha (thrice) (D:2)
  6 orc wizards
  A scorpion zombie (D:5)
  2 troll simulacra (IceCv)
  A howler monkey zombie (D:5)
  3 adders
  15 gnolls
  A shadow imp (D:6)
  12 white imps (Lair:4)
  2 adder skeletons (D:4)
  A worm (D:3)
  3 dart slugs
  35 orcs
  4 endoplasms
  A giant cockroach (D:1)
  A goblin (D:4)
  3 hobgoblins
  5 jackals
  18 kobolds
  3 quokkas
  8 ball pythons
  A bat (D:3)
  A frilled lizard (D:3)
  A rat (D:2)
332 creatures vanquished.

Vanquished Creatures (others)
  14 fungi
  32 plants
46 creatures vanquished.

Grand Total: 378 creatures vanquished

Notes
Turn   | Place    | Note
-------+----------+-------------------------------------------
     0 | D:1      | lunkers the Djinni Earth Elementalist began the quest for
                  | the Orb.
     0 | D:1      | Reached XP level 1. HP: 15/15 MP: 0/0
   343 | D:1      | Found a faded altar of an unknown god.
   350 | D:1      | Reached XP level 2. HP: 17/21 MP: 0/0
   633 | D:1      | Reached skill level 3 in Spellcasting
  1133 | D:2      | Noticed Natasha
  1264 | D:2      | Killed Natasha
  1265 | D:2      | Reached XP level 3. HP: 17/25 MP: 0/0
  1265 | D:2      | Learned a level 1 spell: Corona
  1413 | D:2      | Found a shimmering altar of Xom.
  1545 | D:2      | Noticed Natasha
  1550 | D:2      | Killed Natasha
  1551 | D:2      | Reached XP level 4. HP: 20/31 MP: 0/0
  1640 | D:2      | Noticed Natasha
  1650 | D:2      | Killed Natasha
  1651 | D:2      | Reached skill level 4 in Spellcasting
  1872 | D:2      | Reached XP level 5. HP: 34/35 MP: 0/0
  1872 | D:2      | Learned a level 2 spell: Corpse Rot
  2953 | D:4      | Found a snail-covered altar of Cheibriados.
  3355 | D:4      | Found a staircase to the Ecumenical Temple.
  3369 | Temple   | Entered the Ecumenical Temple
  3593 | Temple   | Became a worshipper of Ashenzari the Shackled
  3658 | D:4      | Reached XP level 6. HP: 30/40 MP: 0/0
  3709 | D:4      | Noticed a water moccasin
  3715 | D:4      | Killed a water moccasin
  3716 | D:4      | Reached skill level 5 in Spellcasting
  3912 | D:4      | Found a runed translucent gate.
  4004 | D:4      | Found an opulent altar of Gozag.
  4005 | D:4      | Found a runed translucent gate.
  4005 | D:4      | Found a runed translucent gate.
  4006 | D:4      | Noticed LadonLegend's ghost (amateur DjFE)
  4268 | D:4      | Reached XP level 7. HP: 38/45 MP: 0/0
  4268 | D:4      | Learned a level 3 spell: Conjure Flame
  4511 | D:5      | Entered Level 5 of the Dungeon
  4541 | D:5      | Reached skill level 6 in Spellcasting
  4615 | D:5      | Found an opulent altar of Gozag.
  4639 | D:5      | Identified Plato's Grimoire of Ignition
  4879 | D:5      | Reached XP level 8. HP: 38/50 MP: 0/0
  5091 | D:5      | Found an iron altar of Okawaru.
  5163 | D:5      | Reached skill level 7 in Spellcasting
  5922 | D:5      | Reached skill level 8 in Spellcasting
  6115 | D:5      | Found a stormy altar of Qazlal.
  6119 | D:5      | Reached * piety under Ashenzari
  6144 | D:6      | Reached skill level 1 in Fighting
  6305 | D:6      | Reached XP level 9. HP: 53/59 MP: 0/0
  6305 | D:6      | Learned a level 3 spell: Dazzling Flash
  6405 | D:6      | Found a runed translucent door.
  6435 | D:6      | Noticed DocClef's ghost (weakling GnDe)
  6531 | D:6      | Reached ** piety under Ashenzari
  6861 | D:6      | Found a runed translucent door.
  7243 | D:7      | Reached skill level 9 in Spellcasting
  7286 | D:7      | Reached *** piety under Ashenzari
  8035 | D:7      | Reached XP level 10. HP: 75/78 MP: 0/0
  8217 | D:7      | Reached skill level 5 in Fighting
  8218 | D:7      | Reached skill level 10 in Spellcasting
  9199 | D:9      | Identified the Reference Book on Cloudy Moulding
  9400 | D:9      | Reached skill level 11 in Spellcasting
  9400 | D:9      | Reached XP level 11. HP: 77/86 MP: 0/0
  9400 | D:9      | Learned a level 5 spell: Silence
  9570 | D:9      | Noticed Maggie
  9575 | D:9      | Killed Maggie
  9629 | D:10     | Entered Level 10 of the Dungeon
  9683 | D:10     | Found a hide-covered altar of Uskayaw.
  9814 | D:10     | Reached **** piety under Ashenzari
 10092 | D:10     | Noticed a two-headed ogre
 10096 | D:10     | Killed a two-headed ogre
 10440 | D:11     | Noticed Erolcha
 10445 | D:11     | Killed Erolcha
 10446 | D:11     | Reached skill level 12 in Spellcasting
 10466 | D:11     | Noticed Erica
 10475 | D:11     | Killed Erica
 10527 | D:11     | Found a portal to a secret trove of treasure.
 10607 | D:11     | Noticed a boulder beetle
 10621 | D:11     | Reached XP level 12. HP: 65/98 MP: 0/0
 10712 | D:11     | Found a staircase to the Lair.
 10754 | D:11     | Reached ***** piety under Ashenzari
 10781 | D:11     | Killed a boulder beetle
 10782 | D:11     | Reached skill level 1 in Shields
 11158 | Lair:1   | Entered Level 1 of the Lair of Beasts
 11158 | Lair:1   | Noticed Harold
 11174 | Lair:1   | Killed Harold
 11351 | Lair:1   | Reached skill level 13 in Spellcasting
 11492 | Lair:1   | Reached skill level 10 in Fighting
 12201 | Lair:2   | Reached XP level 13. HP: 69/108 MP: 0/0
 12201 | Lair:2   | Learned a level 5 spell: Blade Hands
 12893 | Lair:3   | Noticed a six-headed hydra
 13045 | Lair:3   | Reached skill level 14 in Spellcasting
 13939 | Lair:4   | Found a frozen archway.
 14055 | IceCv    | Entered an ice cave
 14073 | IceCv    | Identified a scroll of acquirement
 14131 | Lair:4   | Found a staircase to the Shoals.
 14137 | Lair:4   | Noticed a four-headed hydra
 14146 | Lair:4   | Killed a four-headed hydra
 14237 | Lair:4   | Found a bloodstained altar of Trog.
 14237 | Lair:4   | Noticed quinnr's ghost (journeyman TeAE)
 14244 | Lair:4   | Found a transporter.
 14256 | Lair:4   | Identified the +12 chain mail of Time Monsters {rC+}
 14350 | Lair:4   | HP: 5/111 [torpor snail (18)]
 14350 | Lair:4   | Demolished by a torpor snail

Illustrated notes

Levels and vault maps discovered:
D:1:      giann_forest_graveyard, layout_basic,
          shapermc_ecumenical_altar_rom_forum, nrook_uturn,
          hangedman_decor_lopped
D:2:      layout_rooms, basic_altar, supply_closet_lemuel, uniq_natasha
D:3:      layout_basic
D:4:      layout_basic, kennysheep_slug_shrine, minmay_temple_entry_overgrown,
          ebering_ghost_gozag
D:5:      minmay_general_purpose_star, layout_basic,
          mainiacjoe_overflow_two_lobes, lemuel_coloured_pillars_altar,
          lemuel_crystal_altar
D:6:      layout_basic, ebering_ghost_sewer_f
D:7:      layout_rooms
D:8:      layout_rooms
D:9:      layout_roguey, uniq_maggie
D:10:     layout_irregular_city, nicolae_uskayaw_murder_on_the_dancefloor
D:11:     layout_irregular_city, minmay_lair_entry_grove, enter_trove_6,
          uniq_erolcha, uniq_erica
Temple:   eino_temple_scatter_basement
Lair:1:   layout_roguey, beast_lair_carwin_6, grunt_megastairs_3,
          infiniplex_staircase_pool, uniq_harold
Lair:2:   layout_regular_city, grunt_megastairs_2, serial_bayou_shore_b,
          lemuel_fruit_tree, minmay_lair_oklob_chamber
Lair:3:   layout_cave_pods, lemuel_fruit_fields
Lair:4:   layout_hall_layers, elwin_shoals_entry_rooms,
          spider_nest_entry_funnel_web, portal_ice_cave_entry_imps,
          gammafunk_ghost_wrathful_warriors, kennysheep_basilisk_garden,
          serial_bayou_shore_a

Skill      XL: |  1  2  3  4  5  6  7  8  9 10 11 12 13 |
---------------+----------------------------------------+-----
Spellcasting   | 3 4 5 6 8 9 11 12 13 14 | 14.6
Fighting       | 1 4 6 8 10 11 | 11.8
Shields        | 1 |  1.4
Dodging        | |  2.1
Stealth        | |  1.5

Action                   |  1- 3 |  4- 6 |  7- 9 | 10-12 | 13-15 || total
-------------------------+-------+-------+-------+-------+-------++-------
Melee: Short sword       |       |       |       |     2 |       ||     2
 Cast: Sandblast         |    29 |    58 |       |       |       ||    87
       Stone Arrow       |       |    17 |    99 |   323 |   205 ||   644
Invok: Curse Item        |       |       |     4 |     4 |       ||     8
       Shatter the Chain |       |       |       |     1 |       ||     1
  Use: Scroll            |       |       |       |     1 |       ||     1
Armor: Robe              |     1 |     3 |     2 |       |       ||     6
       Troll leather arm |       |       |       |    11 |    21 ||    32
Dodge: Dodged            |     4 |     4 |     9 |    48 |    89 ||   154
Block: Buckler           |       |       |       |    31 |    67 ||    98
       Reflection        |       |       |       |       |     5 ||     5

Table legend: (Time is in decaauts)
 A = Elapsed time spent in this place.
 B = Non-inter-level travel time spent in this place.
 C = Inter-level travel time spent in this place.
 D = Time resting spent in this place.
 E = Time spent auto-exploring this place.
 F = Levels seen in this place.
 G = Mean time per level.
                   A        B        C        D        E       F      G
               +--------+--------+--------+--------+--------+-----+--------+
         Total |  14373 |  14004 |    369 |   1211 |  10440 |  17 |  845.5 |
       Dungeon |  10932 |  10652 |    280 |    933 |   8349 |  11 |  993.8 |
        Temple |    237 |    203 |     34 |      0 |    202 |   1 |  237.0 |
          Lair |   3175 |   3120 |     55 |    275 |   1889 |   4 |  793.8 |
      Ice Cave |     27 |     27 |      0 |      3 |      0 |   1 |   27.0 |
               +--------+--------+--------+--------+--------+-----+--------+

Top non-repeatable levels by time:
     D:5: 1625 daAuts
     D:6: 1568 daAuts
     D:1: 1250 daAuts
     D:4: 1202 daAuts
     D:3: 1034 daAuts
  Lair:2: 971 daAuts
  Lair:1: 914 daAuts
     D:7: 835 daAuts
  Lair:3: 802 daAuts
     D:2: 796 daAuts
    D:11: 774 daAuts
    D:10: 754 daAuts
     D:9: 585 daAuts
     D:8: 504 daAuts
  Lair:4: 487 daAuts
